 Dungeon Crawl Stone Soup version 0.30-a0-760-g5a9884bb7c (webtiles) character file.

Game seed: 16041194877235704726

134 lunkers the Slasher (level 5, 0/45 HPs)
             Began as a Meteoran Fighter on Feb 10, 2023.
             Slain by a goblin
             ... wielding a +0 dagger
             ... led by Robin
              (2 damage)
             ... on level 3 of the Dungeon.
             The game lasted 00:04:03 (766 turns).

lunkers the Slasher (Meteoran Fighter)               Turns: 766, Time: 00:04:03

Health: 0/45       AC:  8    Str: 18    XL:     5   Next: 69%
Magic:  6/6        EV:  9    Int:  9    God:
Gold:   40         SH:  5    Dex: 15    Spells: 4/4 levels left

rFire   + . .      SeeInvis .    a - +0 long sword
rCold   . . .      Faith    .    c - +0 buckler
rNeg    . . .      Spirit   .    b - +0 scale mail
rPois   .          Reflect  .    (no helmet)
rElec   .          Harm     .    j - +0 cloak
rCorr   .          Rampage  .    (no gloves)
Will    .....                    (no boots) Stlth
                                 (no amulet)
HPRegen 0.27/turn                k - ring of protection from fire
MPRegen 0.10/turn                (no ring)

@: glowing
A: sense surroundings 1, otherworldly, glowing, explore regen
a: no special abilities


You were on level 3 of the Dungeon.
You visited 1 branch of the dungeon, and saw 3 of its levels.

You collected 40 gold pieces.

Inventory:

Hand Weapons
 a - a +0 long sword (weapon)
Armour
 b - a +0 scale mail (worn)
 c - a +0 buckler (worn)
 j - a +0 cloak (worn)
Jewellery
 k - a ring of protection from fire (left hand)
Scrolls
 e - a scroll of identify
 h - a scroll of noise
Potions
 d - a potion of might
 i - 2 potions of brilliance


   Skills:
 - Level 3.2 Fighting
 + Level 6.3 Long Blades
 - Level 3.6 Armour
 - Level 3.6 Shields


You had 4 spell levels left.
You didn't know any spells.
Your spell library contained the following spells:

 Spells                   Type           Power      Damage    Failure   Level
 Kiss of Death            Conj/Necr      0%         2d5       86%         1
 Confusing Touch          Hex            0%         N/A       99%         3
 Summon Guardian Golem    Hex/Summ       0%         N/A       99%         3
 Dispel Undead            Necr           0%         3d6       100%        4
 Orb of Destruction       Conj           0%         9d5       100%        7
 Spellforged Servitor     Conj/Summ      0%         N/A       100%        7


Dungeon Overview and Level Annotations

Branches:
Dungeon (3/15) Zot: 1003

Altars:

Annotations:
D:3 Robin


Innate Abilities, Weirdness & Mutations

You passively map a small area around you.
You are easily found by Zot.
You glow in the dark.
You regain HP and MP as you explore.


Message History

* * * LOW HITPOINT WARNING * * *
The goblin hits you but does no damage. Something hits you but does no damage.
The goblin hits you but does no damage. x2
Your Long Blades skill increases to level 6!
You have reached level 5!
As you read the scroll labelled BACLIB BUEXING, it crumbles to dust.
You hear a loud clanging noise!
It was a scroll of noise.
You feel sick.
You hear a shout!
The goblin closely misses you. The goblin hits you but does no damage.
Robin flexes a bicep menacingly.
Okay, then.
As you read the scroll labelled TUODODEEXT, it crumbles to dust.
It is a scroll of amnesia.
You feel forgetful for a moment.
You feel sick.
The goblin hits you but does no damage. x2
The air fills with toxic fumes!
As you read the scroll labelled WOOCUA OSOEXT, it crumbles to dust.
It was a scroll of poison.
You feel sick.
The goblin no longer looks unusually strong.
The goblin hits you with a +0 dagger.
* * * LOW HITPOINT WARNING * * *
You block the orc's attack. The goblin barely misses you.
You slash the goblin!
You kill the goblin!
You feel sick. You block the orc's attack.
You feel sick.
You are no longer poisoned.
The hobgoblin hits you but does no damage.
The goblin hits you but does no damage.
You see here a +0 dagger.
You slash the hobgoblin!
You kill the hobgoblin!
Robin roars a battlecry!
The goblin goes into a battle-frenzy!
The goblin hits you with a +0 dagger.
* * * LOW HITPOINT WARNING * * *
The orc barely misses you.
You miss the goblin. The goblin hits you with a +0 dagger.
You die...

,,,....# #.,,
...### , #§#
#.#.## * *#§#
###....######
,**, #§#
#....<.......
, #§#
#.#....#####.
, #§#
#.#.#.## ,,
#§###§#§### ,
* #g@.§§§§§.#
#o###.###.#
*,* #)# #.#
.# ,#g# #.#
,# ,, *, *
#o# #.. ,


gg# ### * , , , 8gK , * , , ,§.. ,, , .... , ** , You could see Robin, an orc
wizard, an orc and 4 goblins.

Vanquished Creatures
  A scorpion (D:3)
  2 gnolls
  An adder (D:2)
  2 worms (D:2)
  A dart slug (D:2)
  An orc (D:3)
  4 endoplasms
  3 giant cockroaches (D:1)
  5 goblins
  6 hobgoblins
  3 ball pythons (D:1)
  3 bats (D:1)
  A frilled lizard (D:1)
  3 kobolds
  4 rats
40 creatures vanquished.

Notes
Turn   | Place    | Note
-------+----------+-------------------------------------------
     0 | D:1      | lunkers the Meteoran Fighter began the quest for the Orb.
     0 | D:1      | Reached XP level 1. HP: 19/19 MP: 2/2
    91 | D:1      | Reached skill level 3 in Long Blades
    91 | D:1      | Reached XP level 2. HP: 22/26 MP: 3/3
   238 | D:1      | Reached skill level 4 in Long Blades
   238 | D:1      | Reached XP level 3. HP: 22/31 MP: 4/4
   510 | D:2      | Reached XP level 4. HP: 36/38 MP: 5/5
   588 | D:2      | Reached skill level 5 in Long Blades
   731 | D:3      | Noticed Robin
   741 | D:3      | Noticed a scorpion
   759 | D:3      | Killed a scorpion
   760 | D:3      | Reached skill level 6 in Long Blades
   760 | D:3      | Reached XP level 5. HP: 8/45 MP: 6/6
   765 | D:3      | HP: 2/45 [goblin/+0 dagger[Robin] (2)]
   766 | D:3      | Slain by a goblin

Illustrated notes

Levels and vault maps discovered:
D:1:      dpeg_arrival_rhombus, layout_basic,
          hellmonk_ecumenical_altar_the_god_not_taken, nicolae_grassy_gnolls
D:2:      layout_basic
D:3:      layout_loops_corners, serial_shops, shop, eino_curves_02,
          grunt_ministairs_11, st_stairs_1, uniq_crazy_yiuf_cottage, uniq_robin

Skill      XL: |  1  2  3  4 |
---------------+-------------+-----
Long Blades    | 3 4 6 |  6.3
Fighting       | |  3.2
Armour         | |  3.6
Shields        | |  3.6

Action                     |  1- 3 |  4- 6 || total
---------------------------+-------+-------++-------
  Melee: Long sword        |    77 |    51 ||   128
    Use: Scroll            |       |     4 ||     4
 Armour: Scale mail        |    34 |    41 ||    75
  Dodge: Dodged            |    35 |    29 ||    64
  Block: Buckler           |    23 |    17 ||    40

Table legend: (Time is in decaauts)
 A = Elapsed time spent in this place.
 B = Non-inter-level travel time spent in this place.
 C = Inter-level travel time spent in this place.
 D = Time resting spent in this place.
 E = Time spent auto-exploring this place.
 F = Levels seen in this place.
 G = Mean time per level.
                   A        B        C        D        E       F      G
               +--------+--------+--------+--------+--------+-----+--------+
         Total |    795 |    795 |      0 |      0 |    424 |   3 |  265.0 |
       Dungeon |    795 |    795 |      0 |      0 |    424 |   3 |  265.0 |
               +--------+--------+--------+--------+--------+-----+--------+

Top non-repeatable levels by time:
     D:1: 440 daAuts
     D:2: 228 daAuts
     D:3: 126 daAuts
